 Dungeon Crawl Stone Soup version 0.21.1-1-g345015f (webtiles) character file.

297 Mirai the Thaumaturge (level 6, 0/32 HPs)
             Began as a Deep Elf Conjurer on Mar 28, 2018.
             Slain by a leopard gecko (4 damage)
             ... on level 3 of the Dungeon.
             The game lasted 00:05:49 (2584 turns).

Mirai the Thaumaturge (Deep Elf Conjurer)           Turns: 2584, Time: 00:05:51

Health: 0/32       AC:  2    Str:  5    XL:     6   Next: 12%
Magic:  14/19      EV: 13    Int: 22    God:
Gold:   158        SH:  0    Dex: 15    Spells: 19/22 levels left

rFire    . . .     SeeInvis .   g - -2 mace (curse)
rCold    . . .     Gourm    .   (no shield)
rNeg     . . .     Faith    .   a - +0 robe
rPois    .         Spirit   .   (no helmet)
rElec    .         Reflect  .   (no cloak)
rCorr    .         Harm     .   (no gloves)
MR       .....                  (no boots)
Stlth    ++........             (no amulet)
HPRegen  0.10/turn              (no ring)
MPRegen  0.16/turn              (no ring)

@: no status effects
A: no striking features
a: no special abilities


You were on level 3 of the Dungeon.
You were not hungry.

You visited 1 branch of the dungeon, and saw 3 of its levels.

You collected 158 gold pieces.

Inventory:

Hand Weapons
 e - a +0 short sword
 g - a cursed -2 mace (weapon)
Armour
 a - a +0 robe (worn)
Scrolls
 i - 2 scrolls of teleportation {unknown}
 j - 2 scrolls of identify
 k - a scroll of amnesia {unknown}
 l - a scroll of remove curse {unknown}
Potions
 f - 4 potions of curing
 h - 2 potions of lignification {unknown}
Books
 b - a book of Conjurations

   Spells                             Type                      Level
   a - Magic Dart                     Conjuration                  1
   b - Searing Ray                    Conjuration                  2
   c - Dazzling Spray                 Conjuration/Hexes            3
   d - Fulminant Prism                Conjuration/Hexes            4
   e - Force Lance                    Conjuration/Translocation    4
   f - Iskenderun's Mystic Blast      Conjuration                  4
Comestibles
 c - 7 rations


   Skills:
 - Level 2.4 Dodging
 - Level 2.4 Stealth
 + Level 8.7 Spellcasting
 - Level 4.3 Conjurations


You had 19 spell levels left.
You knew the following spells:

 Your Spells              Type           Power        Failure   Level  Hunger
a - Magic Dart            Conj           ####         1%          1    None
b - Searing Ray           Conj           ####..       1%          2    None


Dungeon Overview and Level Annotations

Branches:
Dungeon (3/15)

Altars:
Ashenzari
Cheibriados
Fedhas
Nemelex Xobeh
Ru


Message History

The leopard gecko is moderately wounded.
The giant cockroach closely misses you.
The giant cockroach bites you but does no damage.
The leopard gecko barely misses you. The leopard gecko closely misses you.
The giant cockroach splashes around in the water.
The giant cockroach completely misses you.
The leopard gecko bites you.
* * * LOW HITPOINT WARNING * * *
Casting: Magic Dart
Confirm with . or Enter, or press ? or * to list all spells.
Aiming: Searing Ray
Press: ? - help, Shift-Dir - straight line, p - giant cockroach The searing ray hits the giant cockroach.
You kill the giant cockroach! (Press . to maintain the ray.)
The leopard gecko bites you.
* * * LOW HITPOINT WARNING * * *
The giant cockroach bites you but does no damage.
The leopard gecko bites you.
You die...

#....#≈≈≈#####.##..##.###
#.###.####≈≈≈#.........##....
#....)...#≈≈≈#.######..######
#####.####≈.≈#.........# #.#
#≈≈≈#########.# #.#
#≈≈≈#.........# #.#
#≈≈≈########### #.# #≈sl#
#.####..@# #...)..l.#
#.######## #.# ###


You could see 2 leopard geckos and a giant cockroach.

Vanquished Creatures
  A sky beast (D:3)
  A crimson imp (D:3)
  4 gnolls (D:2)
  7 adders
  2 oozes (D:2)
  A worm (D:2)
  A dart slug (D:2)
  An orc (D:3)
  2 ball pythons
  3 giant cockroaches (D:3)
  10 hobgoblins
  2 jackals (D:2)
  A quokka (D:3)
  10 bats
  2 frilled lizards
  5 goblins
  7 kobolds
  8 rats
68 creatures vanquished.

Notes
Turn   | Place    | Note
-------+----------+-------------------------------------------
     0 | D:1      | Mirai the Deep Elf Conjurer began the quest for the Orb.
     0 | D:1      | Reached XP level 1. HP: 10/10 MP: 6/6
   364 | D:1      | Reached skill level 4 in Spellcasting
   364 | D:1      | Reached XP level 2. HP: 15/15 MP: 5/9
   372 | D:1      | Learned a level 2 spell: Searing Ray
   787 | D:2      | Reached skill level 5 in Spellcasting
   787 | D:2      | Reached XP level 3. HP: 19/19 MP: 3/11
   920 | D:2      | Found a snail-covered altar of Cheibriados.
  1063 | D:2      | Found a sacrificial altar of Ru.
  1064 | D:2      | Found a blossoming altar of Fedhas.
  1082 | D:2      | Reached skill level 6 in Spellcasting
  1082 | D:2      | Reached XP level 4. HP: 20/24 MP: 0/14
  1316 | D:2      | Found a shattered altar of Ashenzari.
  1692 | D:3      | Reached skill level 7 in Spellcasting
  1692 | D:3      | Reached XP level 5. HP: 24/28 MP: 5/16
  1760 | D:3      | Noticed a sky beast
  1768 | D:3      | Killed a sky beast
  1768 | D:3      | Reached skill level 8 in Spellcasting
  1981 | D:3      | Reached XP level 6. HP: 32/32 MP: 14/19
  2278 | D:3      | Found a sparkling altar of Nemelex Xobeh.
  2584 | D:3      | Slain by a leopard gecko

Skill      XL: |  1  2  3  4  5 |
---------------+----------------+-----
Spellcasting   | 4 5 6 7 8 |  8.7
Dodging        | |  2.4
Stealth        | |  2.4
Conjurations   | |  4.3

Action                   |  1- 3 |  4- 6 || total
-------------------------+-------+-------++-------
Melee: Unarmed           |     4 |       ||     4
       Mace              |     6 |    22 ||    28
 Cast: Magic Dart        |    66 |    47 ||   113
       Searing Ray       |     2 |    10 ||    12
  Use: Scroll            |       |     3 ||     3
  Eat: Chunk             |       |     5 ||     5
Armor: Robe              |    10 |    13 ||    23
Dodge: Dodged            |    27 |    51 ||    78
